 Dungeon Crawl Stone Soup version 0.27.0-1-g7a089689b8 (webtiles) character file.

Game seed: 1361333597864850176

46 AlmostDecent the Skirmisher (level 3, -7/30 HPs)
             Began as a Demonspawn Fighter on Aug 1, 2021.
             Mangled by Terence (11 damage)
             ... on level 1 of the Dungeon.
             The game lasted 00:03:45 (1129 turns).

AlmostDecent the Skirmisher (Demonspawn Fighter)    Turns: 1129, Time: 00:03:46

Health: -7/30      AC:  6    Str: 17    XL:     3   Next: 46%
Magic:  3/3        EV:  7    Int:  9    God:
Gold:   53         SH:  8    Dex: 12    Spells: 2/2 levels left

rFire    . . .     SeeInvis .   a - +0 war axe
rCold    . . .     Faith    .   c - +0 kite shield
rNeg     . . .     Spirit   .   b - +0 scale mail
rPois    .         Reflect  .   (no helmet)
rElec    .         Harm     .   (no cloak)
rCorr    .         Rampage  .   (no gloves)
Will     .....                  (no boots)
Stlth    ..........             (no amulet)
HPRegen  0.10/turn              (no ring)
MPRegen  0.08/turn              (no ring)

@: mighty
A: hooves 1, spiny 1
a: no special abilities


You were on level 1 of the Dungeon.
You visited 1 branch of the dungeon, and saw 2 of its levels.

You collected 53 gold pieces.

Inventory:

Hand Weapons
 a - a +0 war axe (weapon)
Missiles
 e - 8 boomerangs (quivered)
Armour
 b - a +0 scale mail (worn)
 c - a +0 kite shield (worn)
Scrolls
 f - a scroll of blinking {unknown}
 g - a scroll of enchant armour {unknown}
 h - a scroll of identify {unknown}
Potions
 d - a potion of might


   Skills:
 + Level 3.7 Fighting
 * Level 2.6 Axes
 - Level 2.6 Armour
 + Level 0.9 Dodging
 - Level 2.6 Shields


You had 2 spell levels left.
You didn't know any spells.
Your spell library was empty.

Dungeon Overview and Level Annotations

Branches:
Dungeon (2/15)

Altars:
Nemelex Xobeh

Annotations:
D:1 Terence


Innate Abilities, Weirdness & Mutations

You have large cloven feet.
You are partially covered in sharp spines.


Message History

You climb downwards.
Found a scroll labelled RUATUINYGU.
There is a stone staircase leading up here.
h - a scroll labelled RUATUINYGU You now have 53 gold pieces (gained 8).
Found a scale mail.
Terence the Incautious comes into view.
He is wielding a +5 flail of protection.
Terence shouts!
You hear a shout!
A rat comes into view.
A kobold comes into view. It is wielding a +0 short sword.
The kobold shouts!
Found a sparkling altar of Nemelex Xobeh.
You see here 14 gold pieces.
A goblin comes into view. It is wielding a +0 dagger.
You see here 14 gold pieces.
Terence says, "Time to say good-bye..."
The rat twitches its whiskers.
A giant cockroach comes into view.
You see here 14 gold pieces.
You closely miss Terence.
Terence hits you with a +5 flail of protection! x2
You are too injured to fight recklessly!
You are too injured to fight recklessly!
You feel very mighty all of a sudden. You block Terence's attack.
Your shield prevents you from hitting Terence.
Your kick misses Terence.
Terence hits you with a +5 flail of protection!
* * * LOW HITPOINT WARNING * * *
You block Terence's attack.
The giant cockroach waves its antennae.
There is a stone staircase leading up here.
You can't go down here!
Terence hits you but does no damage.
You climb upwards.
There is a stone staircase leading down here.
You see here 23 stones.
You closely miss Terence. Your kick misses Terence.
Terence hits you with a +5 flail of protection!
You die...

≈≈≈≈.≈≈≈≈.8...# ≈≈≈≈≈≈≈......##
≈≈≈..≈.......# ≈≈≈≈≈<....8..##
≈≈............# ≈.............#
################ ≈.≈...........##
#...............
≈≈.8...........###.###..........#
.....8.........#@...).....###...#
.≈.............(@#.##.###.####.##
≈≈...............#.##.###.##.....
≈≈.###...........#.##.....##)###.
#### ####...............####.# #.
########.....#..........#)###.
#......>.....#..####.##.#.....
#.......###..#..# #..........
#.......###..#..# #.##.####).


You could see Terence.

Vanquished Creatures
  3 dart slugs (D:1)
  4 ball pythons (D:1)
  An endoplasm (D:1)
  A giant cockroach (D:1)
  5 goblins (D:1)
  3 hobgoblins (D:1)
  7 jackals (D:1)
  A kobold (D:1)
  3 quokkas (D:1)
  A bat (D:1)
  3 frilled lizards (D:1)
  3 rats (D:1)
35 creatures vanquished.

Vanquished Creatures (others)
  9 plants
9 creatures vanquished.

Grand Total: 44 creatures vanquished

Notes
Turn   | Place    | Note
-------+----------+-------------------------------------------
     0 | D:1      | AlmostDecent the Demonspawn Fighter began the quest for the
                  | Orb.
     0 | D:1      | Reached XP level 1. HP: 18/18 MP: 1/1
   213 | D:1      | Gained mutation: You are partially covered in sharp spines.
                  | [demonic ancestry]
   213 | D:1      | Reached XP level 2. HP: 14/24 MP: 2/2
   492 | D:1      | Gained mutation: You have large cloven feet. [demonic
                  | ancestry]
   492 | D:1      | Reached XP level 3. HP: 30/30 MP: 3/3
  1103 | D:2      | Noticed Terence
  1104 | D:2      | Found a sparkling altar of Nemelex Xobeh.
  1129 | D:1      | Mangled by Terence

Illustrated notes

Levels and vault maps discovered:
D:1:      nicolae_arrival_washed_ashore, layout_loops_ring, serial_bayou_pond_a
D:2:      layout_loops_ring, basic_altar, serial_bayou, serial_bayou_crossing,
          serial_bayou_pond_c, serial_bayou_lake_a, serial_bayou_shore_a,
          uniq_terence

Skill      XL: |  1 |
---------------+----+-----
Axes           | 2 |  2.6
Fighting       | |  3.7
Armour         | |  2.6
Dodging        | |  0.9
Shields        | |  2.6

Action                   || total
-------------------------++-------
Melee: War axe           ||    79
       Kick              ||     4
  Use: Potion            ||     1
Armor: Scale mail        ||    42
Dodge: Dodged            ||    18
Block: Kite shield       ||    26
